 Dungeon Crawl Stone Soup version 0.29.1-1-gd02db6906a (webtiles) character file.

Game seed: 5153177126608250055

3129 warriortoast the Fighter (level 9, -2/85 HPs)
             Began as a Minotaur Fighter on Oct 4, 2022.
             Was a Follower of Okawaru.
             Killed by nerve-wracking pain
             ... invoked by an orc priest
              (12 damage)
             ... on level 8 of the Dungeon.
             The game lasted 00:19:03 (8372 turns).

warriortoast the Fighter (Minotaur Fighter)         Turns: 8372, Time: 00:19:04

Health: -2/85      AC: 13    Str: 25    XL:     9   Next: 61%
Magic:  8/8        EV:  8    Int:  5    God:    Okawaru [*.....]
Gold:   510        SH: 10    Dex: 10    Spells: 8/8 levels left

rFire   . . .      SeeInvis .   a - +0 war axe
rCold   . . .      Faith    .   m - +1 kite shield
rNeg    . . .      Spirit   .   A - +0 chain mail
rPois   .          Reflect  .   N - +2 hat
rElec   .          Harm     .   (no cloak)
rCorr   .          Rampage  .   (no gloves)
Will    .....                   P - +0 pair of boots
Stlth   ..........              (no amulet)
HPRegen 0.24/turn               (no ring)
MPRegen 0.11/turn               (no ring)

@: lethally poisoned (-2 -> -27), invisible
A: horns 2, retaliatory headbutt
a: Renounce Religion, Heroism


You were on level 8 of the Dungeon.
You worshipped Okawaru.
Okawaru was aware of your devotion.
You visited 2 branches of the dungeon, and saw 9 of its levels.

You collected 510 gold pieces.

Inventory:

Hand Weapons
 a - a +0 war axe (weapon)
 H - a +2 morningstar of protection
Missiles
 e - 17 poisoned darts (quivered)
 h - a throwing net
 D - 5 boomerangs
Armour
 b - a +0 scale mail
 c - a +0 buckler
 m - a +1 kite shield (worn)
 A - a +0 chain mail (worn)
 N - a +2 hat (worn)
 P - a +0 pair of boots (worn)
Jewellery
 l - an amulet of magic regeneration
 n - a ring of protection from cold
 t - a ring of wizardry
 w - a ring of wizardry
 B - a +4 ring of evasion
 I - a +4 ring of protection
 J - a ring of see invisible
 L - a ring of fire
Wands
 x - a wand of charming (23)
 E - a wand of digging (4)
Scrolls
 g - 2 scrolls of blinking
 j - 3 scrolls of enchant weapon
 o - a scroll of enchant armour
 r - 4 scrolls of brand weapon
 v - a scroll of noise
 y - 2 scrolls of vulnerability {unknown}
 F - a scroll of amnesia
 G - a scroll of acquirement {unknown}
 O - a scroll of poison {unknown}
Potions
 d - 3 potions of invisibility
 f - 2 potions of heal wounds
 i - 3 potions of mutation
 k - 2 potions of degeneration
 q - 2 potions of flight
 u - 2 potions of brilliance
 z - a potion of lignification
 C - 2 potions of attraction
 K - a potion of resistance
 M - a potion of might


   Skills:
 - Level 10.0 Fighting
 - Level 10.0 Axes
 + Level 3.5 Throwing
 + Level 5.8 Armour
 + Level 3.8 Dodging
 + Level 5.8 Shields


You had 8 spell levels left.
You didn't know any spells.
Your spell library contained the following spells:

 Spells                   Type           Power      Damage    Failure   Level
 Beastly Appendage        Tmut           0%         N/A       100%        1
 Wereblood                Tmut           0%         N/A       100%        2
 Gell's Gravitas          Tloc           0%         N/A       100%        3
 Lesser Beckoning         Tloc           0%         N/A       100%        3
 Portal Projectile        Hex/Tloc       0%         N/A       100%        3
 Spider Form              Tmut/Pois      0%         N/A       100%        3
 Teleport Other           Tloc           0%         N/A       100%        3
 Leda's Liquefaction      Hex/Erth       0%         N/A       100%        4
 Dispersal                Tloc           0%         N/A       100%        6
 Call Canine Familiar     Summ           Unusable   N/A       N/A         3

Dungeon Overview and Level Annotations

Branches:
Dungeon (8/15)             Temple (1/1) D:4
   Lair: D:8-11

Altars:
Cheibriados
Dithmenos
Elyvilon
Fedhas
Gozag
Kikubaaqudgha
Makhleb
Okawaru
Qazlal
Sif Muna
Uskayaw
Vehumet
Wu Jian
Xom
Yredelemnul
Zin
The Shining One

Shops:
D:3 [

Annotations:
D:8 1 transporter, Pooter's ghost, novice MiBe


Innate Abilities, Weirdness & Mutations

You have a pair of horns on your head.
You reflexively headbutt those who attack you in melee.


Message History

You miss something. Your headbutt misses something.
You feel sick.
The orc priest mumbles some strange prayers to Beogh against you.
You hear some strange, mumbled words.
A magic dart appears from out of thin air!
The magic dart hits you but does no damage.
You miss something. Your headbutt misses something.
You feel sick. Something hits you but does no damage.
You are more poisoned.
You slash something!
You feel very sick. Something hits you but does no damage.
You are lethally poisoned!
You miss something. Your headbutt misses something.
* * * LOW HITPOINT WARNING * * *
You feel very sick. Something hits you but does no damage.
You are more poisoned.
You fade into invisibility!
* * * LOW HITPOINT WARNING * * *
You feel very sick. Something hits you but does no damage.
You are more poisoned.
You feel much better.
You feel very sick. Something hits you but does no damage.
You are lethally poisoned!
You barely miss something.
* * * LOW HITPOINT WARNING * * *
You feel extremely sick. Something hits you but does no damage.
You are more poisoned.
You miss something. You headbutt something. Okawaru accepts your kill.
Reactivating autopickup.
You feel a bit more experienced.
* * * LOW HITPOINT WARNING * * *
You feel extremely sick.
The orc priest calls down the wrath of Beogh upon you.
Pain shoots through your body!
You die...

###########
#......@)o#
#.#######o.....
#.# ..... #.#
.... #.# ...
#.# .. #.# .
#.# #.#


You could see an orc priest (unable to see you) and an orc (unable to see you).

Vanquished Creatures
  Pikel (D:5)
  Joseph (D:7)
  Maggie (D:7)
  A water moccasin (D:8)
  4 ice beasts
  2 black bears
  2 ogres
  2 centaurs
  2 lemures (D:5)
  3 phantoms
  3 bullfrogs
  2 necrophages
  A scorpion (D:5)
  A killer bee (D:8)
  2 hounds
  3 jellies
  2 orc priests
  An iguana (D:5)
  4 orc wizards
  5 adders
  3 shadow imps
  3 white imps
  An ufetubus (D:5)
  2 worms
  3 dart slugs
  10 orcs
  6 endoplasms
  3 giant cockroaches
  4 goblins
  7 hobgoblins
  5 jackals
  6 quokkas
  10 ball pythons
  5 bats
  3 frilled lizards
  5 kobolds
  3 rats
122 creatures vanquished.

Vanquished Creatures (others)
  44 fungi (D:8)
  63 plants
107 creatures vanquished.

Grand Total: 229 creatures vanquished

Notes
Turn   | Place    | Note
-------+----------+-------------------------------------------
     0 | D:1      | warriortoast the Minotaur Fighter began the quest for the
                  | Orb.
     0 | D:1      | Reached XP level 1. HP: 19/19 MP: 0/0
    34 | D:1      | Found a faded altar of an unknown god.
   199 | D:1      | Reached XP level 2. HP: 27/27 MP: 1/1
   801 | D:2      | Reached XP level 3. HP: 34/34 MP: 2/2
  2323 | D:3      | Found Yfilas's Antique Armour Shop.
  2396 | D:3      | Reached XP level 4. HP: 35/41 MP: 3/3
  2404 | D:3      | Noticed a black bear
  2516 | D:3      | Killed a black bear
  2517 | D:3      | Reached skill level 5 in Fighting
  2517 | D:3      | Reached XP level 5. HP: 42/50 MP: 4/4
  2777 | D:4      | Noticed an ice beast
  2810 | D:4      | Reached skill level 5 in Axes
  3111 | D:4      | Found a shimmering blue altar of Sif Muna.
  3142 | D:4      | You fall into a shaft and drop 1 floor!
  3142 | D:5      | Entered Level 5 of the Dungeon
  3150 | D:5      | Noticed a black bear
  3159 | D:5      | Killed a black bear
  3160 | D:5      | Reached XP level 6. HP: 49/58 MP: 5/5
  3546 | D:4      | Found a staircase to the Ecumenical Temple.
  3558 | Temple   | Entered the Ecumenical Temple
  3926 | D:4      | Killed an ice beast
  3927 | D:4      | Reached XP level 7. HP: 66/66 MP: 6/6
  4346 | D:5      | Noticed Pikel
  4359 | D:5      | Killed Pikel
  4360 | D:5      | Reached XP level 8. HP: 27/75 MP: 7/7
  4915 | D:5      | Found a hide-covered altar of Uskayaw.
  5066 | D:5      | Found an opulent altar of Gozag.
  5067 | D:5      | Found a blossoming altar of Fedhas.
  5598 | D:6      | Reached skill level 10 in Fighting
  5713 | D:6      | Reached skill level 10 in Axes
  5811 | D:6      | Reached skill level 1 in Dodging
  5867 | Temple   | Became a worshipper of Warmaster Okawaru
  6169 | D:7      | Noticed Maggie
  6184 | D:7      | Killed Maggie
  6185 | D:7      | Reached skill level 1 in Throwing
  6185 | D:7      | Reached XP level 9. HP: 66/85 MP: 8/8
  6847 | D:7      | Noticed Joseph
  6875 | D:7      | Killed Joseph
  6875 | D:7      | Reached * piety under Okawaru
  6876 | D:7      | Reached skill level 5 in Armour
  6876 | D:7      | Reached skill level 5 in Shields
  7682 | D:8      | Found a shadowy altar of Dithmenos.
  7835 | D:8      | Noticed Pooter's ghost (novice MiBe)
  7862 | D:8      | Identified the +2 flail of Hubris {pain, Fly rC+ Stlth+}
  7867 | D:8      | Found a transporter.
  8372 | D:8      | Killed from afar by an orc priest

Illustrated notes

Levels and vault maps discovered:
D:1:      dpeg_arrival_round_b, layout_basic, basic_ecumenical_altar
D:2:      minmay_angry_zag, layout_basic, minmay_stone_trees_small,
          hangedman_glass_teeth, dreamdust_wishing_well
D:3:      layout_loops_cross, serial_shops, nicolae_shop_stone
D:4:      layout_layer_cave, mainiacjoe_overflow_catwalk,
          minmay_temple_entry_enclosed_plants
D:5:      layout_loops_cross, mainiacjoe_overflow_small_starburst,
          gammafunk_temple_overflow_statue, uniq_pikel
D:6:      layout_rooms, minivault_22, kennysheep_crisscross
D:7:      layout_layer_cave, uniq_maggie, uniq_joseph
D:8:      layout_loops_ring, mainiacjoe_overflow_concentric_impassable,
          due_lair_maze_entry_diamond, gammafunk_ghost_gnarly_gnolls,
          minmay_puff
Temple:   eino_wide_crystal_templ

Skill      XL: |  1  2  3  4  5  6  7  8  9 |
---------------+----------------------------+-----
Fighting       | 4 5 6 7 8 10 | 10.0
Axes           | 3 4 5 6 8 10 | 10.0
Dodging        | 1 3 |  3.8
Throwing       | 1 3 |  3.5
Armour         | 4 5 |  5.8
Shields        | 4 5 |  5.8

Action                   |  1- 3 |  4- 6 |  7- 9 || total
-------------------------+-------+-------+-------++-------
Melee: War axe           |   110 |    70 |   110 ||   290
       Headbutt          |     9 |    11 |    20 ||    40
       Morningstar       |       |       |    91 ||    91
Throw: Dart              |     1 |    16 |    10 ||    27
  Use: Potion            |       |     1 |     5 ||     6
       Scroll            |       |       |    22 ||    22
Armor: Scale mail        |    56 |    11 |       ||    67
       Chain mail        |       |    22 |    95 ||   117
       Skin              |       |       |    64 ||    64
Dodge: Dodged            |    40 |    23 |    63 ||   126
Block: Buckler           |     9 |       |       ||     9
       Kite shield       |    34 |    30 |   103 ||   167
